 Dungeon Crawl Stone Soup version 0.17-a0-702-gb3a3556 (webtiles) character file.

123956 FedoraBrony69 the Eclecticist (level 16, -4/89 HPs)
             Began as a Deep Elf Conjurer on Apr 19, 2015.
             Was a High Priest of Vehumet.
             Hit by a javelin thrown by a merfolk javelineer (22 damage)
             ... on level 4 of the Shoals.
             The game lasted 04:11:06 (39341 turns).

FedoraBrony69 the Eclecticist (Deep Elf Conjurer)  Turns: 39341, Time: 04:11:06

Health: -4/89      AC:  6    Str:  6    XL:     16   Next: 38%
Magic:  34/58      EV: 14    Int: 27    God:    Vehumet [*****.]
Gold:   1434       SH:  0    Dex: 15    Spells: 9 memorised, 4 levels left

rFire  . . .     SeeInvis +     y - staff of wizardry
rCold  . . .     Clarity  .     E - +1 robe {Archmagi}
rNeg   . . .     SustAb   .     (no shield)
rPois  +         Gourm    .     O - +2 hat {MR+}
rElec  +         Spirit   .     (no cloak)
rCorr  .         Warding  .     I - +0 pair of gloves of Qithytt {Dex+5}
rMut   +         Stasis   .     (no boots)
MR     ++...                    P - amulet "Maecie" {rMut rElec rPois Dex-5 SInv}
Stlth  ++........               r - ring of magical power
                                J - ring of Zyr Yli {rElec MP+9}

@: very slightly contaminated, delayed fireball, very resistant to hostile
enchantments, unstealthy
A: no striking features
a: Renounce Religion, Release Delayed Fireball


You were on level 4 of the Shoals.
You worshipped Vehumet.
Vehumet was extremely pleased with you.
You were not hungry.

You visited 5 branches of the dungeon, and saw 32 of its levels.
You also visited: Labyrinth.

You collected 3545 gold pieces.
You spent 2111 gold pieces at shops.

Inventory:

Hand weapons
 v - a +2 trident of venom
Armour
 p - the +0 troll leather armour of the Soldier {rPois rC- rN+ Regen+}
   (You bought it in a shop on level 4 of the Orcish Mines)

   It makes you vulnerable to cold.
   It protects you from poison.
   It protects you from negative energy.
   It increases your rate of regeneration.
 E - a +1 robe of the Archmagi (worn)
 I - the +0 pair of gloves of Qithytt (worn) {Dex+5}
   (You found it on level 4 of the Shoals)

   It affects your dexterity (+5).
 L - a +0 buckler
 O - a +2 hat of magic resistance (worn)
Magical staves
 y - an uncursed staff of wizardry (weapon)
Jewellery
 r - a ring of magical power (right hand)
 H - a +4 ring of dexterity {unknown}
 J - the ring of Zyr Yli (left hand) {rElec MP+9}
   (You took it off a minotaur in a labyrinth)

   [ring of magical power]

   It insulates you from electricity.
   It affects your magic capacity (+9).
 P - the amulet "Maecie" (around neck) {rMut rElec rPois Dex-5 SInv}
   (You bought it in a shop on level 14 of the Dungeon)

   [amulet of resist mutation]

   It protects you from mutation.
   It affects your dexterity (-5).
   It insulates you from electricity.
   It protects you from poison.
   It enhances your eyesight.
Magical devices
 u - a wand of hasting (6)
 x - a wand of random effects (9)
 C - a wand of teleportation (1)
 K - a wand of heal wounds (6)
Scrolls
 a - 2 scrolls of fog
 c - 3 scrolls of identify
 g - 8 scrolls of teleportation
 j - 11 scrolls of remove curse
 k - a scroll of holy word
 m - 3 scrolls of magic mapping
 s - a scroll of blinking
 D - a scroll of enchant armour
 M - a scroll of silence {unknown}
 S - a scroll of fear {unknown}
Potions
 d - 7 potions of curing
 e - a potion of mutation {unknown}
 i - 4 potions of heal wounds
 l - 3 potions of flight
 n - a potion of resistance
 o - 3 potions of restore abilities {unknown}
 q - 5 potions of agility
 w - 4 potions of haste
 A - 2 potions of cancellation
 G - a potion of magic
 N - 4 potions of might
Comestibles
 b - 15 bread rations
 f - 2 chunks of flesh
 t - 2 beef jerkies
 z - 21 meat rations
 B - 2 royal jellies
 F - 9 slices of pizza
 R - 8 fruits


   Skills:
 - Level 6.2 Fighting
 - Level 11.2 Dodging
 - Level 2.4 Stealth
 + Level 4.3 Shields
 - Level 18.2 Spellcasting
 - Level 10.0 Conjurations
 - Level 8.0 Charms
 - Level 16.2 Necromancy
 + Level 14.6 Transmutations
 - Level 6.3 Fire Magic


You had 4 spell levels left.
You knew the following spells:

 Your Spells              Type           Power        Failure   Level  Hunger
a - Orb of Destruction    Conj           #######...   3%          7    #####..
b - Iskenderun's Battles  Conj/Chrm      #######.     1%          5    None
c - Iskenderun's Mystic   Conj           #######.     1%          4    None
d - Sublimation of Blood  Necr           ########..   0%          2    None
f - Dragon Form           Trmt           ########..   1%          7    #####..
g - Regeneration          Chrm/Necr      #######...   1%          3    None
h - Necromutation         Trmt/Necr      ########..   9%          8    ######.
i - Control Teleport      Chrm/Tloc      ######....   1%          4    None
j - Delayed Fireball      Conj/Fire      N/A          10%         7    #####..


Dungeon Overview and Level Annotations

Branches:
Dungeon (15/15)            Temple (1/1) D:6            Lair (8/8) D:9
 Shoals (4/5) Lair:5       Spider (0/5) Lair:6        Slime (0/6) Lair:7
    Orc (4/4) D:11            Elf (0/3) Orc:3        Vaults (0/5) D:13
 Depths: D:15

Altars:
Ashenzari
Cheibriados
Dithmenos
Elyvilon
Fedhas
Gozag
Kikubaaqudgha
Makhleb
Nemelex Xobeh
Okawaru
Qazlal
Ru
Sif Muna
Trog
Vehumet
Xom
Yredelemnul
Zin
The Shining One
Beogh
Jiyva

Shops:
D:8 :   D:10 }   D:14 (*[=   Orc:4 [[(?   Shoals:1 !   Shoals:2 %

Annotations:
Lair:7 1 runed door


Message History

Your battlesphere fires!
The merfolk javelineer throws a javelin.
The javelin hits you!
Casting: Iskenderun's Mystic Blast
Confirm with . or Enter, or press ? or * to list all spells.
Aiming: Iskenderun's Mystic Blast
Press: ? - help, Shift-Dir - straight line, f - merfolk javelineer
Aim: a merfolk javelineer, wielding a spear of venom and wearing a leather armour You feel a surge of power!
The orb of energy hits the merfolk javelineer.
The merfolk javelineer is moderately wounded.
Your battlesphere fires!
The barrage of energy hits the merfolk javelineer.
The merfolk javelineer is heavily wounded.
The merfolk javelineer throws a javelin.
The javelin hits you!!
* * * LOW HITPOINT WARNING * * *
The merfolk javelineer throws a javelin.
The javelin hits you!!
You die...

≈≈≈≈≈≈≈.##()≈)≈≈≈≈≈≈≈≈≈≈≈
≈#####≈≈#..))≈≈≈≈≈≈≈≈≈
##≈≈≈##≈..≈≈≈≈≈≈≈≈≈≈≈≈≈
#≈≈≈≈≈#≈..≈≈..≈≈≈≈≈≈≈≈≈.
#≈≈m≈≈#≈..≈(..≈≈≈≈≈≈≈....
#≈m≈≈≈#≈≈≈≈≈≈≈≈≈≈≈≈≈≈..≈≈
##≈m≈##≈≈≈≈≈≈*≈≈≈≈≈≈≈....
≈##'##≈≈.....≈≈≈≈≈≈≈≈.#
≈≈.(.≈≈≈.).)....@≈...##
≈≈.(.m≈..m)..#..≈≈≈≈......
.....§...m....)≈≈≈≈≈≈....
.....)......(≈≈≈≈≈≈≈≈...≈
≈≈≈≈......≈≈≈≈≈≈≈≈≈≈...≈.
≈≈≈≈≈≈≈≈≈≈≈≈≈≈≈≈≈≈≈≈.≈≈.
≈≈≈≈≈≈≈≈≈≈≈≈≈≈≈≈≈≈≈≈≈≈≈
≈≈≈≈≈≈≈≈≈≈≈≈≈≈≈≈≈≈≈≈≈≈
≈≈≈≈≈≈≈≈≈≈≈≈≈≈≈≈≈≈≈


You could see a merfolk impaler and a merfolk javelineer.

Vanquished Creatures
  Rupert (Lair:4)
  Gastronok (Orc:1)
  Frances (D:14)
  Kirke (D:14)
  Roxanne (Shoals:1)
  An orc warlord (Orc:2)
  A reaper (Orc:4)
  A dire elephant (Lair:4)
  The ghost of FedoraBrony69 the Eclecticist, a powerful DECj of Vehumet (Lair:8)
  An ettin (Orc:2)
  A minotaur (Lab)
  A merfolk javelineer (Shoals:4)
  4 vault guards (D:13)
  2 merfolk impalers (Shoals:4)
  Josephine (Orc:2)
  Harold (D:11)
  6 hydras
  A centaur warrior (D:14)
  2 merfolk avatars
  3 catoblepae
  2 merfolk aquamancers (Shoals:3)
  A tengu warrior (D:12)
  7 death yaks (Lair:8)
  3 ogre magi
  The ghost of chequers the Severer, an experienced MiFi of Gozag (D:10)
  Urug (D:14)
  A sun demon (D:14)
  Sonja (D:13)
  9 sea snakes
  The ghost of DDCT the Thaumaturge, an experienced DECj of Kikubaaqudgha (D:9)
  2 deep trolls
  An unseen horror (D:14)
  2 lindwurms
  2 ice statues (Shoals:3)
  Pikel (D:6)
  7 hill giants
  4 orc sorcerers
  10 harpies
  4 black mambas
  8 griffons
  2 ugly things (D:13)
  6 cyclopes
  8 fauns
  2 orc knights
  A water nymph (Shoals:2)
  7 manticores
  Maurice (D:13)
  A centaur zombie (D:15)
  2 drowned souls (Shoals:2)
  Edmund (D:6)
  A death yak zombie (Lair:8)
  5 sirens
  A yaktaur (D:13)
  4 molten gargoyles (D:13)
  4 gargoyles
  10 spiny frogs
  A redback zombie (D:13)
  10 komodo dragons
  3 fire drakes
  A sea snake skeleton (Shoals:1)
  2 tengu conjurers
  17 merfolk
  A polar bear (Lair:8)
  12 trolls
  4 ravens
  A deep elf priest (Orc:3)
  7 two-headed ogres
  3 blink frogs (Lair:5)
  4 snapping turtles
  2 trapdoor spiders (Lab)
  4 shadows
  Sigmund (D:4)
  36 yaks
  8 water elementals
  A trapdoor spider (shapeshifter) (D:13)
  2 wyverns
  3 fire bats (Lair:5)
  6 hungry ghosts
  6 basilisks
  5 hogs (D:14)
  A mottled dragon (D:14)
  4 wraiths
  A steam dragon (D:12)
  7 hippogriffs
  2 vampire mosquitoes (D:13)
  A hill giant skeleton (Orc:3)
  A warg (Orc:1)
  2 ogre zombies (Orc:4)
  12 wolves
  15 water moccasins
  8 porcupines
  20 orc warriors
  A slave (D:6)
  A black bear (D:6)
  3 ice beasts
  An eye of draining (D:15)
  3 sky beasts
  3 wasps
  A manticore zombie (Shoals:1)
  4 phantoms
  31 ogres
  2 centaurs
  17 crocodiles
  2 brain worms
  21 giant frogs
  A big kobold (D:13)
  An earth elemental (Lab)
  A water moccasin zombie (Lair:8)
  A komodo dragon skeleton (Lair:5)
  A troll zombie (Orc:4)
  5 scorpions
  A cyclops skeleton (Orc:4)
  4 hippogriff zombies
  25 killer bees
  26 wights
  8 electric eels
  A giant frog zombie (Lair:8)
  A wolf skeleton (Lair:8)
  4 jellies
  2 two-headed ogre zombies
  A lava snake (D:13)
  A quasit (D:8)
  4 centaur skeletons
  30 orc priests
  5 crimson imps
  5 giant frog skeletons
  Jessica (D:2)
  24 orc wizards
  6 hounds
  Natasha (thrice) (D:2)
  11 iguanas
  10 worker ants
  A porcupine skeleton (Lair:5)
  50 sheep
  A killer bee zombie (D:6)
  2 crocodile zombies (Lair:8)
  A hound zombie (D:10)
  A crocodile skeleton (Lair:8)
  A hound skeleton (D:7)
  8 gnolls
  9 orc zombies
  44 river rats
  8 adders
  3 shadow imps
  2 oozes (D:2)
  An adder skeleton (D:4)
  2 sheep skeletons (Shoals:1)
  A worm (D:6)
  7 giant geckos
  188 orcs
  13 bats
  6 giant cockroaches
  17 goblins
  15 hobgoblins
  12 jackals
  2 ball pythons
  2 giant gecko skeletons
  5 giant newts
  3 giant spores
  3 goblin skeletons (Orc:4)
  A jackal skeleton (D:9)
  A jackal zombie (D:6)
  16 kobolds
  14 orc skeletons
  6 quokkas
  14 rats
  A rat zombie (D:10)
  A river rat zombie (Lair:8)
  34 ballistomycetes
  A fungus (Lair:7)
  7 plants
1147 creatures vanquished.

Vanquished Creatures (others)
  2 slaves (D:6)
  An ice beast (D:6)
  A hound (D:6)
  A worker ant zombie (D:6)
  An orc (D:6)
  A giant spore (D:9)
  A kobold (D:9)
  A ballistomycete (D:13)
  12 plants
  10 toadstools (Lair:4)
31 creatures vanquished.

Grand Total: 1178 creatures vanquished

Notes
Turn   | Place    | Note
--------------------------------------------------------------
     0 | D:1      | FedoraBrony69, the Deep Elf Conjurer, began the quest for the Orb.
     0 | D:1      | Reached XP level 1. HP: 10/10 MP: 6/6
   185 | D:1      | Reached XP level 2. HP: 15/15 MP: 1/8
   750 | D:2      | Reached skill level 5 in Conjurations
   750 | D:2      | Reached XP level 3. HP: 19/19 MP: 1/10
   855 | D:2      | Found an ancient bone altar of Kikubaaqudgha.
   864 | D:2      | Noticed Natasha
   871 | D:2      | Killed Natasha
   872 | D:2      | Became a worshipper of Kikubaaqudgha
   992 | D:2      | Noticed Jessica
   995 | D:2      | Killed Jessica
   995 | D:2      | Reached XP level 4. HP: 24/24 MP: 7/12
  1016 | D:2      | Learned a level 4 spell: Iskenderun's Mystic Blast
  1188 | D:2      | Noticed Natasha
  1319 | D:2      | Reached skill level 5 in Spellcasting
  1867 | D:2      | Killed Natasha
  1867 | D:2      | Reached XP level 5. HP: 17/28 MP: 8/14
  1878 | D:2      | Noticed Natasha
  1878 | D:2      | Killed Natasha
  1944 | D:2      | Learned a level 5 spell: Iskenderun's Battlesphere
  2123 | D:3      | Acquired Kikubaaqudgha's first power
  2123 | D:3      | Received a gift from Kikubaaqudgha
  2124 | D:3      | Identified Kikubaaqudgha's Incunabulum of Sinister Rituals (Kikubaaqudgha gifted it to you on level 3 of the Dungeon)
  2134 | D:3      | Learned a level 2 spell: Sublimation of Blood
  2642 | D:4      | Reached skill level 6 in Conjurations
  2905 | D:4      | Reached skill level 1 in Charms
  3082 | D:4      | Noticed Sigmund
  3088 | D:4      | Killed Sigmund
  3088 | D:4      | Reached XP level 6. HP: 32/32 MP: 0/17
  3427 | D:5      | Entered Level 5 of the Dungeon
  3936 | D:5      | Found a bloodstained altar of Trog.
  4061 | D:5      | Found a staircase to the Ecumenical Temple.
  4328 | D:6      | Reached skill level 5 in Charms
  4328 | D:6      | Reached XP level 7. HP: 36/36 MP: 10/19
  4472 | D:6      | Reached skill level 7 in Spellcasting
  4874 | D:5      | Acquired Kikubaaqudgha's second power
  5178 | D:6      | Found a staircase to the Ecumenical Temple.
  5208 | D:6      | Found a white marble altar of Elyvilon.
  5225 | D:6      | Found a basalt altar of Yredelemnul.
  5229 | D:6      | Reached XP level 8. HP: 37/41 MP: 4/21
  5307 | D:6      | Noticed Pikel
  5311 | D:6      | Killed Pikel
  5311 | D:6      | Reached skill level 8 in Spellcasting
  5440 | D:6      | Reached skill level 1 in Necromancy
  5764 | D:6      | Reached skill level 9 in Spellcasting
  6332 | D:6      | Noticed Edmund
  6336 | D:6      | Killed Edmund
  6336 | D:6      | Reached XP level 9. HP: 45/45 MP: 1/24
  6908 | D:7      | Reached skill level 10 in Spellcasting
  7206 | D:7      | Reached skill level 5 in Necromancy
  7314 | D:7      | Received a gift from Kikubaaqudgha
  7315 | D:7      | Identified Kikubaaqudgha's Handbook of Dark Arts (Kikubaaqudgha gifted it to you on level 7 of the Dungeon)
  7320 | D:7      | Learned a level 3 spell: Regeneration
  7527 | D:8      | Found Fyviubi's Book Shop.
  7922 | D:8      | Reached skill level 11 in Spellcasting
  7922 | D:8      | Reached skill level 10 in Conjurations
  8828 | D:5      | Reached XP level 10. HP: 51/51 MP: 19/27
  9123 | Temple   | Entered the Ecumenical Temple
  9270 | D:9      | Reached skill level 1 in Fighting
  9525 | D:9      | Found a staircase to the Lair.
 10111 | D:9      | Reached skill level 12 in Spellcasting
 10123 | D:9      | Acquired Kikubaaqudgha's third power
 10241 | D:9      | Noticed DDCT's ghost (experienced DECj)
 10248 | D:9      | Killed DDCT's ghost
 10520 | Lair:1   | Entered Level 1 of the Lair of Beasts
 11050 | Lair:1   | Reached skill level 5 in Dodging
 11071 | Lair:1   | Learned a level 7 spell: Dragon Form
 11077 | Lair:1   | Learned a level 5 spell: Bolt of Draining
 11084 | Lair:1   | Reached skill level 13 in Spellcasting
 11084 | Lair:1   | Reached XP level 11. HP: 34/59 MP: 23/30
 11223 | Lair:1   | Reached skill level 1 in Transmutations
 11505 | Lair:1   | You fall through a shaft!
 12600 | Lair:3   | Found a labyrinth entrance.
 12719 | Lab      | Entered a labyrinth
 13160 | Lab      | Reached skill level 14 in Spellcasting
 13460 | Lab      | Noticed a minotaur
 13466 | Lab      | Killed a minotaur
 13466 | Lab      | Reached skill level 5 in Transmutations
 13468 | Lab      | Got a glittering wooden ring
 13490 | Lab      | Got a fine falchion
 13492 | Lab      | Identified the ring of Zyr Yli {rElec MP+9} (You took it off a minotaur in a labyrinth)
 13493 | Lab      | Identified the +3 falchion "Judum" {flame, Int+2} (You found it in a labyrinth)
 14162 | Lair:4   | Noticed Rupert
 14169 | Lair:4   | Killed Rupert
 14169 | Lair:4   | Reached XP level 12. HP: 65/67 MP: 10/32
 14254 | Lair:4   | Acquired Kikubaaqudgha's fourth power
 14706 | Lair:4   | Reached skill level 15 in Spellcasting
 14717 | Lair:4   | Noticed a seven-headed hydra
 14725 | Lair:4   | Killed a seven-headed hydra
 15062 | Lair:4   | Noticed a dire elephant
 15062 | Lair:4   | Noticed a lindwurm
 15067 | Lair:4   | Killed a dire elephant
 15140 | Lair:4   | Killed a lindwurm
 15360 | Lair:1   | Identified a cursed +5 rod of ignition (14/14) (You took it off a minotaur in a labyrinth)
 15556 | Lair:5   | Reached skill level 5 in Fighting
 16052 | Lair:5   | Found a staircase to the Shoals.
 16336 | Lair:5   | Noticed a catoblepas
 16984 | Lair:6   | Noticed an eight-headed hydra
 16988 | Lair:6   | Killed an eight-headed hydra
 17047 | Lair:6   | Found a hole to the Spider Nest.
 17152 | Lair:6   | Reached skill level 16 in Spellcasting
 17568 | Lair:6   | Noticed a four-headed hydra
 17571 | Lair:6   | Killed a four-headed hydra
 17663 | Lair:7   | Reached XP level 13. HP: 74/74 MP: 35/35
 17685 | Lair:7   | Noticed a four-headed hydra
 17690 | Lair:7   | Killed a four-headed hydra
 17752 | Lair:7   | Noticed a six-headed hydra
 17755 | Lair:7   | Killed a six-headed hydra
 18047 | Lair:7   | Found a runed door.
 18048 | Lair:7   | Found a viscous altar of Jiyva.
 18048 | Lair:7   | Noticed an azure jelly
 18049 | Lair:7   | Noticed an azure jelly
 18050 | Lair:7   | Found a staircase to the Slime Pits.
 18051 | Lair:7   | Noticed an azure jelly
 18767 | Lair:5   | Killed a catoblepas
 18826 | Lair:8   | Entered Level 8 of the Lair of Beasts
 19378 | D:2      | Received a gift from Kikubaaqudgha
 19391 | D:2      | Learned a level 8 spell: Necromutation
 19580 | Temple   | Fell from the grace of Kikubaaqudgha
 19580 | Temple   | Became a worshipper of Vehumet
 20118 | Lair:8   | Reached skill level 10 in Transmutations
 20180 | Lair:8   | Identified the Tome of Boosting Displacement
 20490 | Lair:8   | Noticed FedoraBrony69's ghost (powerful DECj)
 20495 | Lair:8   | Killed FedoraBrony69's ghost
 20495 | Lair:8   | Reached skill level 10 in Dodging
 20495 | Lair:8   | Reached skill level 17 in Spellcasting
 20625 | Lair:8   | Acquired Vehumet's first power
 20625 | Lair:8   | Offered knowledge of Shock by Vehumet.
 21344 | Lair:8   | Learned a level 4 spell: Control Teleport
 21940 | D:10     | Entered Level 10 of the Dungeon
 21949 | D:10     | Noticed chequers's ghost (experienced MiFi)
 21964 | D:9      | You fall through a shaft for 3 floors!
 22281 | D:10     | Found Jibba's Gadget Shoppe.
 22318 | D:10     | Killed chequers's ghost
 22429 | D:10     | Found a glowing golden altar of the Shining One.
 22566 | D:10     | Offered knowledge of Throw Frost by Vehumet.
 22618 | D:10     | Found a snail-covered altar of Cheibriados.
 22776 | D:11     | Reached XP level 14. HP: 60/79 MP: 37/37
 22936 | D:11     | Noticed Harold
 22941 | D:11     | Killed Harold
 23434 | D:11     | Found a staircase to the Orcish Mines.
 23662 | Orc:1    | Entered Level 1 of the Orcish Mines
 23680 | Orc:1    | Noticed Gastronok
 23690 | Orc:1    | Killed Gastronok
 23690 | Orc:1    | Reached skill level 10 in Necromancy
 23692 | Orc:1    | Offered knowledge of Static Discharge by Vehumet.
 23859 | Orc:1    | Acquired Vehumet's second power
 24045 | Orc:2    | Offered knowledge of Inner Flame by Vehumet.
 24116 | Orc:2    | Found a roughly hewn altar of Beogh.
 24177 | Orc:1    | Noticed an orc warlord
 24475 | Orc:2    | Killed an orc warlord
 24734 | Orc:3    | Noticed Josephine
 24741 | Orc:3    | Acquired Vehumet's third power
 24838 | Orc:2    | Killed Josephine
 24838 | Orc:2    | Offered knowledge of Irradiate by Vehumet.
 25280 | Orc:3    | Found a staircase to the Elven Halls.
 25782 | Orc:1    | Offered knowledge of Airstrike by Vehumet.
 25883 | Orc:1    | You fall through a shaft!
 26097 | Orc:2    | Found a roughly hewn altar of Beogh.
 26399 | Orc:4    | Entered Level 4 of the Orcish Mines
 26724 | Orc:4    | Offered knowledge of Venom Bolt by Vehumet.
 26993 | Orc:4    | Found Zocuo's Magic Scroll Emporium.
 27704 | Orc:4    | Found Wyggept's Antique Armour Boutique.
 27705 | Orc:4    | Found Irrobb's Antique Armour Shoppe.
 27717 | Orc:4    | Bought a warped cloak for 237 gold pieces
 27717 | Orc:4    | Bought a distressingly furry leather armour for 175 gold pieces
 27717 | Orc:4    | Bought an embroidered robe for 17 gold pieces
 27828 | Orc:4    | Bought a scroll of identify for 22 gold pieces
 27828 | Orc:4    | Bought a scroll of identify for 22 gold pieces
 27828 | Orc:4    | Bought a scroll of identify for 22 gold pieces
 27828 | Orc:4    | Bought a scroll of blinking for 82 gold pieces
 27828 | Orc:4    | Bought a scroll of fog for 22 gold pieces
 27830 | Orc:4    | Found Pemaergh's Antique Weapon Shoppe.
 27844 | Orc:4    | Identified the +1 cloak of a sewer {rC+ rN++ Int-4} (You bought it in a shop on level 4 of the Orcish Mines)
 27854 | Orc:4    | Identified the cursed +1 leather armour of Xom's Esteem {+Blink} (You bought it in a shop on level 4 of the Orcish Mines)
 27854 | Orc:4    | Identified a cursed +0 rod of the swarm (12/12) (You found it on level 11 of the Dungeon)
 27927 | Orc:4    | Bought a steaming troll leather armour for 500 gold pieces
 27937 | Orc:4    | Identified the +0 troll leather armour of the Soldier {rPois rC- rN+ Regen+} (You bought it in a shop on level 4 of the Orcish Mines)
 29139 | Shoals:1 | Entered Level 1 of the Shoals
 29627 | Shoals:1 | Noticed Roxanne
 29805 | Shoals:1 | Killed Roxanne
 29805 | Shoals:1 | Reached skill level 15 in Necromancy
 29816 | Shoals:1 | Identified Roxanne's Tome of Earthen Shape Shifting (You took it off Roxanne on level 1 of the Shoals)
 29984 | Shoals:1 | Found Titeq's Distillery.
 29992 | Shoals:1 | Bought a potion of heal wounds for 55 gold pieces
 29997 | Shoals:1 | Reached XP level 15. HP: 82/82 MP: 30/38
 30145 | Shoals:1 | Was forgiven by Kikubaaqudgha
 30322 | Shoals:1 | Bought 2 potions of curing for 66 gold pieces
 30411 | Shoals:2 | Found Vaireoh's Food Shoppe.
 32091 | D:12     | Offered knowledge of Delayed Fireball by Vehumet.
 32254 | D:12     | Got a polished rapier
 32333 | D:12     | Identified the +3 rapier "Opleyhut" {speed, rN+ Str-4 Int+2} (You found it on level 12 of the Dungeon)
 32420 | D:12     | Got a jasper-encrusted leather armour
 32431 | D:12     | Identified the cursed +1 leather armour of the Eight Hells {Slay+6} (You found it on level 12 of the Dungeon)
 32979 | D:13     | Noticed Sonja
 32983 | D:13     | Killed Sonja
 32995 | D:13     | Learned a level 7 spell: Delayed Fireball
 33073 | D:13     | Reached skill level 1 in Fire Magic
 33226 | D:13     | Noticed Maurice
 33228 | D:13     | Killed Maurice
 34387 | D:13     | Found a gate to the Vaults.
 34438 | D:13     | Reached skill level 5 in Fire Magic
 34762 | D:14     | Noticed Frances
 34803 | D:14     | Killed Frances
 34828 | D:14     | Found Bougg's Jewellery Emporium.
 34832 | D:14     | Offered knowledge of Orb of Destruction by Vehumet.
 34840 | D:14     | Bought the amulet "Maecie" {rMut rElec rPois Dex-5 SInv} for 622 gold pieces
 34970 | D:14     | Noticed Kirke
 34973 | D:14     | Noticed Urug
 35369 | D:14     | Found Latseg's Assorted Antiques.
 35370 | D:14     | Found Biuhisol's Antique Armour Boutique.
 35383 | D:14     | Bought a lumpy purple potion for 35 gold pieces
 35402 | D:14     | Bought a glowing helmet for 103 gold pieces
 35402 | D:14     | Bought a faintly humming robe for 131 gold pieces
 35429 | D:14     | Identified the cursed +1 robe "Duixall" {rElec rC+ Stlth-} (You bought it in a shop on level 14 of the Dungeon)
 35496 | D:14     | Found Asirat's Weapon Shoppe.
 35522 | D:14     | Killed Kirke
 36206 | D:14     | Killed Urug
 36286 | D:15     | Entered Level 15 of the Dungeon
 36610 | Lair:1   | Learned a level 7 spell: Orb of Destruction
 36939 | Shoals:3 | Reached skill level 1 in Shields
 37183 | Shoals:3 | Reached XP level 16. HP: 89/89 MP: 12/39
 38089 | Shoals:3 | Offered knowledge of Poisonous Cloud by Vehumet.
 38095 | Shoals:3 | Upgraded the game from 0.17-a0-701-gb6462b4 to 0.17-a0-702-gb3a3556
 38221 | Shoals:3 | Reached skill level 18 in Spellcasting
 38978 | Shoals:4 | Got a pair of heavily runed gloves
 38989 | Shoals:4 | Identified the +0 pair of gloves of Qithytt {Dex+5} (You found it on level 4 of the Shoals)
 39341 | Shoals:4 | Hit by a javelin thrown by a merfolk javelineer

Action                   |  1- 3 |  4- 6 |  7- 9 | 10-12 | 13-15 | 16-18 || total
-------------------------+-------+-------+-------+-------+-------+-------++-------
Melee: Falchion          |       |    10 |     6 |    51 |     4 |       ||    71
       Unarmed           |       |       |       |       |    30 |       ||    30
       Staff             |       |       |       |       |    33 |     1 ||    34
 Cast: Magic Dart        |    47 |    88 |   128 |   169 |   179 |       ||   611
       Iskenderun's Myst |       |    19 |    59 |   152 |   906 |   117 ||  1253
       Iskenderun's Batt |       |       |    21 |    68 |   152 |    21 ||   262
       Sublimation of Bl |       |       |       |    11 |    40 |     4 ||    55
       Bolt of Draining  |       |       |       |    44 |    20 |       ||    64
       Regeneration      |       |       |       |     3 |    17 |       ||    20
       Dragon Form       |       |       |       |       |    28 |     2 ||    30
       Control Teleport  |       |       |       |       |     1 |       ||     1
       Orb of Destructio |       |       |       |       |     2 |     3 ||     5
       Delayed Fireball  |       |       |       |       |     2 |     1 ||     3
 Abil: Breathe Fire      |       |       |       |       |     7 |       ||     7
       Release Delayed F |       |       |       |       |     2 |       ||     2
  Use: Scroll            |       |     3 |     1 |    16 |    25 |     2 ||    47
       Potion            |       |     1 |       |       |     2 |     1 ||     4
  Eat: Chunk             |       |    12 |    20 |    26 |    69 |     9 ||   136
       Beef jerky        |       |       |       |     2 |     1 |       ||     3
